 Dungeon Crawl Stone Soup version 0.16-a0-3641-g71d4c1b (webtiles) character file.

1193 mdk the Slicer (level 8, -2/54 HPs)
             Began as a Kobold Assassin on Mar 13, 2015.
             Was an Initiate of Pakellas.
             Slain by a wight
             ... wielding a +0 long sword
              (11 damage)
             ... on level 6 of the Dungeon.
             The game lasted 00:11:12 (4433 turns).

mdk the Slicer (Kobold Assassin)                    Turns: 4433, Time: 00:11:12

Health: -2/54      AC:  6    Str: 17    XL:     8   Next: 71%
Magic:  8/8        EV: 13    Int:  9    God:    Pakellas [......]
Gold:   293        SH:  0    Dex: 20    Spells: 0 memorised, 7 levels left

rFire  . . .     SeeInvis .     y - +1 dagger (speed)
rCold  + . .     Clarity  .     h - +1 leather armour {rPois}
rNeg   . . .     SustAb   .     (no shield)
rPois  +         Gourm    .     n - +1 hat
rElec  .         Spirit   .     d - +0 cloak
rCorr  .         Warding  .     (no gloves)
rMut   .         Stasis   .     (no boots)
MR     .....                    (no amulet)
Stlth  +++.......               r - +3 ring of strength
                                u - ring of protection from cold

@: mighty, heavily drained, not resistant to hostile enchantments, fairly
stealthy
A: carnivore 3
a: Renounce Religion


You were on level 6 of the Dungeon.
You worshipped Pakellas.
Pakellas was noncommittal.
You were very full.

You visited 2 branches of the dungeon, and saw 7 of its levels.

You collected 293 gold pieces.

Inventory:

Hand weapons
 a - a +0 dagger of venom
 b - a +0 blowgun
 y - a +1 dagger of speed (weapon)
 C - a +2 dagger of draining
Missiles
 e - 16 poisoned needles
 f - 5 curare-tipped needles
 m - 8 needles of paralysis
 p - 5 steel tomahawks (quivered)
 B - 10 tomahawks
Armour
 d - a +0 cloak (worn)
 h - a +1 leather armour of poison resistance (worn)
 n - a +1 hat (worn)
Jewellery
 r - a +3 ring of strength (right hand)
 u - a ring of protection from cold (left hand)
Magical devices
 v - a wand of fire (6)
 x - a wand of frost (22)
 A - a wand of flame (26)
Scrolls
 l - 2 scrolls of teleportation
 q - 2 scrolls of recharging
 s - 3 scrolls of fog
Potions
 i - a potion of ambrosia
 j - 2 potions of restore abilities
 o - a potion of cancellation
 t - 3 potions of heal wounds {unknown}
 w - a potion of might
Comestibles
 c - a beef jerky
 g - a meat ration
 z - a slice of pizza


   Skills:
 * Level 7.8(6.0) Fighting
 * Level 9.5(7.6) Short Blades
 - Level 2.6(1.1) Throwing
 - Level 1.2(0.0) Dodging
 - Level 5.3(3.6) Stealth


You had 7 spell levels left.
You didn't know any spells.

Dungeon Overview and Level Annotations

Branches:
Dungeon (6/15)             Temple (1/1) D:4

Altars:
Ashenzari
Cheibriados
Dithmenos
Elyvilon
Fedhas
Gozag
Makhleb
Nemelex Xobeh
Okawaru
Pakellas
Qazlal
Ru
Sif Muna
Trog
Vehumet
Xom
Yredelemnul
Zin
The Shining One

Annotations:
D:6 mdk's ghost, experienced KoAs


Innate Abilities, Weirdness & Mutations

You are small and have problems with some larger weapons.
You are carnivorous and can eat meat at any time.


Message History

The wight is almost destroyed.
You puncture the wight!
You destroy the wight!
All of the chunks of flesh in your inventory have rotted away.
Things that are here:
an enchanted flail; a robe
There is a stone staircase leading down, spattered with blood here.
Drink which item? (? for menu, Esc to quit)
Okay, then.
You climb downwards.
Level annotation: mdk's ghost, experienced KoAs Mdk's ghost barely misses you.
The wight hits you with a long sword.
* * * LOW HITPOINT WARNING * * *
You feel drained.
* * * LOW HITPOINT WARNING * * *
There is a stone staircase leading up, spattered with blood here.
Mdk's ghost hits you.
* * * LOW HITPOINT WARNING * * *
The wight hits you with a long sword!
You die...

# #. .#.#
.#.# %.# #.#
##.####
#$..).#
#.z<..####.#
#@.........#
#W....######
#.....#
##..### #..#
#..# #..#
#... ....


You could see a wight and mdk's ghost.

Vanquished Creatures
  Grinder (D:4)
  3 ogres
  An ice beast (D:5)
  A centaur (D:5)
  2 wights (D:5)
  A hound (D:5)
  3 orc priests
  2 orc wizards
  3 worker ants
  9 adders
  2 giant mites
  3 worms
  7 giant geckos
  2 oozes (D:3)
  20 orcs
  A ball python (D:2)
  A bat skeleton (D:4)
  6 giant cockroaches
  12 goblins
  10 hobgoblins
  3 jackals (D:1)
  2 quokkas
  A ball python skeleton (D:4)
  10 bats
  8 giant newts
  8 kobolds
  10 rats
132 creatures vanquished.

Notes
Turn   | Place    | Note
--------------------------------------------------------------
     0 | D:1      | mdk, the Kobold Assassin, began the quest for the Orb.
     0 | D:1      | Reached XP level 1. HP: 12/12 MP: 1/1
    41 | D:1      | Reached XP level 2. HP: 12/18 MP: 2/2
   286 | D:1      | Reached XP level 3. HP: 22/22 MP: 3/3
   874 | D:2      | Reached XP level 4. HP: 20/28 MP: 4/4
   887 | D:2      | Found a bloodstained altar of Trog.
  1106 | D:2      | Found a sparkling altar of Nemelex Xobeh.
  1128 | D:2      | Found a snail-covered altar of Cheibriados.
  1130 | D:2      | Found a stormy altar of Qazlal.
  1130 | D:2      | Found a white marble altar of Elyvilon.
  1443 | D:3      | Noticed an ogre
  1458 | D:3      | Reached XP level 5. HP: 14/33 MP: 5/5
  1471 | D:3      | Reached skill level 5 in Short Blades
  1481 | D:3      | Killed an ogre
  1481 | D:3      | Reached XP level 6. HP: 12/39 MP: 6/6
  1795 | D:3      | Found a bloodstained altar of Trog.
  2215 | D:3      | Reached skill level 6 in Short Blades
  2244 | D:3      | Reached skill level 5 in Fighting
  2507 | D:4      | Reached XP level 7. HP: 44/44 MP: 7/7
  2617 | D:4      | Found a staircase to the Ecumenical Temple.
  2643 | Temple   | Entered the Ecumenical Temple
  3023 | D:4      | Reached skill level 7 in Short Blades
  3208 | D:4      | Noticed Grinder
  3210 | D:4      | Killed Grinder
  3210 | D:4      | Reached skill level 8 in Short Blades
  3235 | D:4      | Reached XP level 8. HP: 36/52 MP: 8/8
  3608 | D:5      | Entered Level 5 of the Dungeon
  3979 | D:5      | Reached skill level 9 in Short Blades
  4137 | D:5      | Found an oddly glowing altar of Pakellas.
  4154 | D:5      | Became a worshipper of Pakellas the Inventive
  4173 | D:5      | Found a blossoming altar of Fedhas.
  4370 | D:6      | Noticed mdk's ghost (experienced KoAs)
  4396 | D:5      | HP: 2/54 [wight/enchanted flail (2)]
  4420 | D:5      | HP: 2/54 [wight/enchanted flail (7)]
  4433 | D:6      | Slain by a wight

Action                   |  1- 3 |  4- 6 |  7- 9 || total
-------------------------+-------+-------+-------++-------
Melee: Dagger            |    89 |   135 |   245 ||   469
 Fire: Blowgun           |     3 |    21 |    27 ||    51
  Use: Scroll            |       |       |    13 ||    13
       Potion            |       |       |     3 ||     3
 Stab: Sleeping          |    10 |    16 |    11 ||    37
       Paralysed         |       |     5 |       ||     5
       Distracted        |       |     1 |       ||     1
  Eat: Chunk             |     8 |     3 |     8 ||    19
